 Dungeon Crawl Stone Soup version 0.26.0-10-g1f06aea511 (webtiles) character file.

Game seed: 11445852972894577431

1935 Goblin1989 the Tainter (level 8, -4/58 HPs)
             Began as a Demonspawn Venom Mage on Feb 2, 2021.
             Slain by an ice beast (9 damage)
             ... on level 7 of the Dungeon.
             The game lasted 00:29:55 (9397 turns).

Goblin1989 the Tainter (Demonspawn Venom Mage)      Turns: 9397, Time: 00:29:55

Health: -4/58      AC:  2    Str:  8    XL:     8   Next: 97%
Magic:  14/14      EV: 12    Int: 20    God:
Gold:   238        SH:  4    Dex: 13    Spells: 2/15 levels left

rFire    . . .     SeeInvis .     - Unarmed
rCold    . . .     Faith    .   r - +0 buckler
rNeg     . . .     Spirit   .   Q - +0 robe (curse)
rPois    .         Reflect  .   V - +1 helmet
rElec    .         Harm     .   (no cloak)
rCorr    +         Rampage  .   (no gloves)
Will     .....                  (no boots)
Stlth    ++........             (no amulet)
HPRegen  0.19/turn              g - ring of resist corrosion
MPRegen  0.14/turn              (no ring)

@: corroded
A: claws 2, icy blue scales 1
a: no special abilities


You were on level 7 of the Dungeon.
You visited 1 branch of the dungeon, and saw 7 of its levels.
You also visited: Ossuary.

You collected 238 gold pieces.

Inventory:

Hand Weapons
 y - the +6 war axe of Risk Management {protect, Str+2 Int-5 Dex+5}
   (You found it on level 4 of the Dungeon)

   It grants its wielder temporary protection when it strikes (+7 to AC).
   It affects your strength (+2).
   It affects your intelligence (-5).
   It affects your dexterity (+5).
 U - the +1 hand axe of Umes {vorpal, rElec rPois Dex+3}
   (You found it on level 5 of the Dungeon)

   It inflicts extra damage upon your enemies.
   It affects your dexterity (+3).
   It insulates you from electricity.
   It protects you from poison.
Missiles
 m - 65 bolts
 n - 62 sling bullets
 o - 201 stones {@Q3}
 P - 7 curare-tipped darts
 X - 17 javelins {@Q2}
Armour
 a - a +0 robe
 r - a +0 buckler (worn)
 v - a +0 pair of gloves
 Q - a cursed +0 robe (worn)
 V - a +1 helmet (worn)
Jewellery
 g - a ring of resist corrosion (left claw)
Wands
 M - a wand of polymorph (6)
Scrolls
 s - 2 scrolls of remove curse {@r3}
 N - a scroll of amnesia {unknown}
 R - 2 scrolls of identify {@r1}
 T - 6 scrolls of teleportation {!r, @r2}
 W - a scroll of blinking {unknown}
Potions
 j - 4 potions of resistance {@q6}
 l - 3 potions of curing {@q1}
 p - 3 potions of flight
 x - a potion of haste {@q3,}
 O - a potion of invisibility {unknown}
 S - a potion of attraction {unknown}
 Y - a potion of mutation {unknown}
 Z - 3 potions of heal wounds {unknown}


   Skills:
 + Level 3.3 Fighting
 - Level 1.7 Dodging
 - Level 1.7 Stealth
 + Level 2.8 Shields
 * Level 4.3 Unarmed Combat
 + Level 4.4 Spellcasting
 - Level 1.0 Transmutations
 + Level 8.7 Poison Magic


You had 2 spell levels left.
You knew the following spells:

 Your Spells              Type           Power        Failure   Level
a - Sting                 Tmut/Pois      96%          1%          1
b - Poisonous Vapours     Pois/Air       42%          3%          2
c - Olgreb's Toxic Radia  Pois           39%          3%          4
d - Ignite Poison         Fire/Tmut/Pois 17%          11%         3
m - Mephitic Cloud        Conj/Pois/Air  16%          13%         3

Your spell library contained the following spells:

 Spells                   Type           Power        Failure   Level
 Apportation              Tloc           8%           14%         1
 Lesser Beckoning         Tloc           2%           38%         3
 Tukima's Dance           Hex            4%           38%         3
 Alistair's Intoxication  Tmut/Pois      16%          45%         5
 Invisibility             Hex            4%           100%        6


Dungeon Overview and Level Annotations

Branches:
Dungeon (7/15)            Ossuary (visited)
 Temple: D:4-7

Altars:
Dithmenos
The Shining One

Shops:
D:6 (

Annotations:
D:4 Grinder
D:5 1 runed translucent door, puimuR's ghost, amateur HOMo
D:7 Harold; Maggie


Innate Abilities, Weirdness & Mutations

You have very sharp fingernails.
You are partially covered in icy blue scales. (AC +2)


Message History

Magic restored.
HP restored.
Health restored: 58; MP restored: 14 You pick up a book of Party Tricks and begin reading...
You add the spells Apportation, Lesser Beckoning, Tukima's Dance, Alistair's Intoxication and Invisibility to your library.
You now have 238 gold pieces (gained 11).
You open the door.
There is an open door here.
A jelly and an ufetubus come into view.
The jelly quivers.
The ufetubus barely misses you. x2
The ufetubus hits you but does no damage.
The ufetubus barely misses you.
Casting: Olgreb's Toxic Radiance (dangerous; 3% risk of failure)
Confirm with . or Enter, or press ? or * to list all spells.
You begin to radiate toxic energy.
The ufetubus is poisoned.
The ufetubus looks even sicker.
You block the ufetubus's attack. The ufetubus hits you.
You take 4 damage, and have 54/58 hp.
You now have 10/14 mp.
Unknown command.
You barely miss the ufetubus.
The ufetubus is heavily wounded.
The ufetubus looks even sicker.
The ufetubus hits you but does no damage.
The ufetubus barely misses you. x2; The ufetubus misses you.
You scratch the ufetubus.
You kill the ufetubus!
Your toxic aura wanes.
Unknown command.
The jelly hits you. The acid corrodes you!
You are splashed with acid.
You resist.
You take 7 damage, and have 49/58 hp.
You scratch the jelly but do no damage.
Your claws burn!
You block the jelly's attack.
You take 1 damage, and have 48/58 hp.
You scratch the jelly.
Your claws burn!
The jelly is moderately wounded.
You block the jelly's attack.
You take 2 damage, and have 46/58 hp.
You completely miss the jelly.
The jelly is moderately wounded.
The jelly hits you.
You are splashed with acid.
You resist.
You take 5 damage, and have 41/58 hp.
You barely miss the jelly.
The jelly is moderately wounded.
The jelly hits you but does no damage.
You scratch the jelly.
Your claws burn!
The jelly is heavily wounded.
The jelly hits you. The acid corrodes you!
You are splashed with acid.
You resist.
You take 7 damage, and have 34/58 hp.
You claw the jelly!
You kill the jelly!
You scratch the ice beast but do no damage.
The ice beast closely misses you.
You scratch the ice beast.
The ice beast is lightly wounded.
The ice beast hits you. The ice beast freezes you!
* * * LOW HITPOINT WARNING * * *
You take 11 damage, and have 23/58 hp.
You scratch the ice beast.
The ice beast is lightly wounded.
You scratch the ice beast.
The ice beast is moderately wounded.
The ice beast barely misses you.
You scratch the ice beast but do no damage.
The ice beast is moderately wounded.
The ice beast hits you but does no damage.
You closely miss the ice beast.
The ice beast is moderately wounded.
The ice beast closely misses you.
You scratch the ice beast.
The ice beast is moderately wounded.
The ice beast misses you.
You closely miss the ice beast.
The ice beast is moderately wounded.
The ice beast closely misses you.
You scratch the ice beast but do no damage.
The ice beast is moderately wounded.
The ice beast hits you.
* * * LOW HITPOINT WARNING * * *
The ice beast freezes you.
* * * LOW HITPOINT WARNING * * *
You take 7 damage, and have 17/58 hp.
You scratch the ice beast but do no damage.
The ice beast is moderately wounded.
The ice beast closely misses you.
You scratch the ice beast but do no damage.
The ice beast is moderately wounded.
The ice beast hits you.
* * * LOW HITPOINT WARNING * * *
The ice beast freezes you!
* * * LOW HITPOINT WARNING * * *
You take 11 damage, and have 6/58 hp.
You closely miss the ice beast.
The ice beast is moderately wounded.
The ice beast hits you.
* * * LOW HITPOINT WARNING * * *
The ice beast freezes you!
You die... █████████

█.......█
█.█████.█
█████████.█
█.█
██.........█
█@█
█...██████.█


█Y█ .....█ █.█████.█ ....██ █.......█ ██.██ ████Y████ █.█ █.█ █.█ █Y█ ██∆██ █.█
█...██ █.█ You could see an ice beast.

Vanquished Creatures
  Pikel (D:6)
  A phantom (D:5)
  A black bear (D:7)
  2 ogres
  A necrophage (D:7)
  2 elf zombies (Ossuary)
  A gnoll sergeant (D:4)
  A scorpion (D:4)
  2 howler monkeys (D:4)
  A centaur zombie (Ossuary)
  A hound (D:4)
  2 centaur skeletons
  A human zombie (Ossuary)
  A bullfrog skeleton (D:7)
  A jelly (D:7)
  An orc priest (D:3)
  2 orc wizards
  An iguana (D:5)
  A worker ant (D:5)
  A killer bee zombie (D:6)
  A big kobold zombie (Ossuary)
  A howler monkey zombie (D:6)
  2 mummies (Ossuary)
  10 gnolls
  4 adders
  2 white imps
  An ufetubus (D:7)
  An ooze (D:3)
  An adder skeleton (D:4)
  3 adder zombies
  2 worms
  2 dart slugs
  2 leopard geckos
  16 orcs
  5 bats
  4 giant cockroaches
  5 goblins
  10 hobgoblins
  2 jackals (D:1)
  11 kobolds
  4 quokkas
  2 ball pythons (D:1)
  2 frilled lizards (D:1)
  A goblin zombie (Ossuary)
  12 hobgoblin zombies (Ossuary)
  A jackal skeleton (D:4)
  10 kobold zombies (Ossuary)
  5 orc zombies (Ossuary)
  2 quokka skeletons
  6 rats
  2 rat zombies (Ossuary)
157 creatures vanquished.

Vanquished Creatures (others)
  A gnoll (D:7)
1 creature vanquished.

Grand Total: 158 creatures vanquished

Notes
Turn   | Place    | Note
-------+----------+-------------------------------------------
     0 | D:1      | Goblin1989 the Demonspawn Venom Mage began the quest for
                  | the Orb.
     0 | D:1      | Reached XP level 1. HP: 13/13 MP: 3/3
    87 | D:1      | Reached skill level 1 in Transmutations
   244 | D:1      | Gained mutation: You are partially covered in icy blue
                  | scales. (AC +2) [demonic ancestry]
   244 | D:1      | Reached XP level 2. HP: 19/19 MP: 3/5
   395 | D:1      | Learned a level 2 spell: Poisonous Vapours
  1257 | D:2      | Gained mutation: You have sharp fingernails. [demonic
                  | ancestry]
  1257 | D:2      | Reached XP level 3. HP: 24/24 MP: 1/6
  1664 | D:2      | Reached skill level 4 in Poison Magic
  2051 | D:2      | Found a glowing golden altar of the Shining One.
  2283 | D:3      | Reached XP level 4. HP: 30/30 MP: 5/8
  2288 | D:3      | Learned a level 4 spell: Olgreb's Toxic Radiance
  2338 | D:3      | Found a shadowy altar of Dithmenos.
  3634 | D:3      | Reached skill level 5 in Poison Magic
  3702 | D:3      | Reached XP level 5. HP: 35/35 MP: 4/9
  4043 | D:4      | Reached skill level 6 in Poison Magic
  4053 | D:4      | Reached XP level 6. HP: 41/41 MP: 0/10
  4291 | D:4      | Got a crystal war axe
  4345 | D:4      | Reached skill level 7 in Poison Magic
  4583 | D:4      | Noticed Grinder
  4585 | D:4      | Identified the +6 war axe of Risk Management {protect,
                  | Str+2 Int-5 Dex+5} (You found it on level 4 of the Dungeon)
  4604 | D:4      | Gained mutation: You have very sharp fingernails. [demonic
                  | ancestry]
  4604 | D:4      | Reached XP level 7. HP: 31/46 MP: 5/11
  4708 | D:4      | Learned a level 3 spell: Mephitic Cloud
  4736 | D:5      | Entered Level 5 of the Dungeon
  4780 | D:5      | Noticed puimuR's ghost (amateur HOMo)
  4781 | D:5      | Got a blackened hand axe
  4784 | D:5      | Found a runed translucent door.
  5151 | D:5      | Identified the cursed +1 hand axe of Umes {vorpal, rElec
                  | rPois Dex+3} (You found it on level 5 of the Dungeon)
  5254 | D:5      | Reached skill level 8 in Poison Magic
  5883 | D:6      | Found a sand-covered staircase.
  5888 | Ossuary  | Entered an ossuary
  6266 | Ossuary  | Reached skill level 1 in Unarmed Combat
  6325 | Ossuary  | Reached skill level 1 in Fighting
  6360 | Ossuary  | Reached skill level 1 in Shields
  7007 | D:6      | Found Nunkeaj's Weapon Emporium.
  7011 | D:6      | Noticed Pikel
  7336 | D:4      | Reached XP level 8. HP: 55/55 MP: 5/13
  7892 | D:4      | Paralysed by Grinder for 6 turns
  8601 | D:6      | Killed Pikel
  8975 | D:7      | Noticed Maggie
  8975 | D:7      | Noticed Harold
  9137 | D:7      | Learned a level 3 spell: Ignite Poison
  9397 | D:7      | Slain by an ice beast

Illustrated notes

Levels and vault maps discovered:
D:1:      minmay_arrival_four_loops, layout_rooms
D:2:      layout_rooms, overflow_temple_1_default, nrook_mini_vaults
D:3:      layout_basic, lemuel_crystal_altar
D:4:      layout_loops_ring, kennysheep_flooded_box, lightli_minifort,
          uniq_grinder
D:5:      layout_loops_corners, hellmonk_ghost_happy_afterlife
D:6:      layout_rooms, enter_ossuary_2, serial_shops, shop, uniq_pikel
D:7:      layout_loops_corners, nicolae_overflow_crystal_walls,
          temple_fountains, minmay_quadrilaterals, uniq_harold, uniq_maggie

Skill      XL: |  1  2  3  4  5  6  7  8 |
---------------+-------------------------+-----
Transmutations | 1 |  1.0
Poison Magic   | 4 5 6 7 8 |  8.7
Spellcasting   | 3 4 |  4.4
Unarmed Combat | 2 4 |  4.3
Fighting       | 1 3 |  3.3
Shields        | 1 2 |  2.8
Dodging        | |  1.7
Stealth        | |  1.7

Action                   |  1- 3 |  4- 6 |  7- 9 || total
-------------------------+-------+-------+-------++-------
Melee: Dagger            |    42 |    39 |    33 ||   114
       Unarmed           |       |       |   359 ||   359
       War axe           |       |       |    19 ||    19
 Cast: Sting             |    40 |    12 |       ||    52
       Poisonous Vapours |    31 |    41 |    23 ||    95
       Olgreb's Toxic Ra |       |     2 |     9 ||    11
  Use: Scroll            |       |     3 |     9 ||    12
       Potion            |       |       |     4 ||     4
 Stab: Sleeping          |       |       |     4 ||     4
Armor: Robe              |    19 |    12 |   128 ||   159
Dodge: Dodged            |    42 |    32 |   222 ||   296
Block: Buckler           |       |       |    63 ||    63
